 Dungeon Crawl Stone Soup version 0.31-a0-690-g7ce4588941 (webtiles) character file.

Game seed: 8596684854675446345

2786 Gargoyl the Cleaver (level 9, -3/57 HPs)
             Began as a Gargoyle Berserker on Sept 6, 2023.
             Was a Believer of Trog.
             Slain by a harpy simulacrum (11 damage)
             ... on level 1 of the Abyss.
             The game lasted 00:10:04 (5282 turns).

Gargoyl the Cleaver (Gargoyle Berserker)            Turns: 5282, Time: 00:10:05

Health: -3/57      AC: 20    Str: 22    XL:     9   Next: 70%
Magic:  9/9        EV: 12    Int:  7    God:    Trog [**....]
Gold:   173        SH:  0    Dex: 13    Spells: 8/8 levels left

rFire   . . .        a - +0 hand axe (protect)
rCold   . . .        (no shield)
rNeg    + . .        l - +0 ring mail
rPois   ∞            (no helmet)
rElec   +            (no cloak)
rCorr   .            p - +0 pair of gloves
SInv    .            (no boots)
Will    .....        i - amulet of regeneration
Stlth   +            (no ring)
HPRegen 1.09/turn    (no ring)
MPRegen 0.11/turn

%: no passive effects
@: under a protective aura
A: sickness immunity, AC +6, negative energy resistance 1, electricity
resistance, torment resistance 1, petrification resistance
a: Renounce Religion, Berserk, Trog's Hand


You were on level 1 of the Abyss.
You worshipped Trog.
Trog was pleased with you.
You visited 1 branch of the dungeon, and saw 7 of its levels.
You visited the Abyss 1 time.

You collected 173 gold pieces.

Inventory:

Hand Weapons
 a - a +0 hand axe of protection (weapon)
Armour
 l - a +0 ring mail (worn)
 p - a +0 pair of gloves (worn)
Jewellery
 i - an amulet of regeneration (around neck)
Wands
 g - a wand of digging (3)
 m - a wand of polymorph (15)
Scrolls
 b - a scroll of fear
 d - a scroll of teleportation
 f - a scroll of vulnerability
 q - a scroll of silence
Potions
 c - 2 potions of invisibility
 e - a potion of brilliance
 h - a potion of heal wounds
 j - 2 potions of curing
 k - a potion of enlightenment {unknown}
 o - 2 potions of attraction {unknown}


   Skills:
 + Level 7.2 Fighting
 + Level 8.7 Axes
 + Level 5.2 Armour
 + Level 4.8 Dodging
 + Level 1.9 Stealth


You had 8 spell levels left.
You didn't know any spells.
Your spell library was empty.

Dungeon Overview and Level Annotations

Branches:
Dungeon (7/15)             Temple (0/1) D:7

Altars:

Annotations:
D:6 Jeremiah


Innate Abilities, Weirdness & Mutations

You are immune to sickness and miasma.
Your stone body is resilient. (AC +6)
You are immune to poison.
You resist negative energy. (rN+)
You are resistant to electric shocks. (rElec)
You are resistant to unholy torment.
You are immune to petrification.


Message History

The wight barely misses you.
You hit the wight.
The wight is severely damaged.
You feel yourself speed up. The wight misses you.
You hit the wight.
The wight is almost destroyed.
The wight hits you but does no damage.
You are cast into the Abyss!
This branch contains the abyssal rune of Zot.
Unknown command.
Unknown command.
You are suddenly pulled into a different region of the Abyss!
You recover from your berserk rage.
HP restored.
Found a gateway leading deeper into the Abyss.
There is a gateway leading deeper into the Abyss here.
A thrashing horror comes into view.
You start waiting.
You are suddenly pulled into a different region of the Abyss!
A red draconian assembles itself!
It is wielding a +0 battleaxe.
Found a gateway leading deeper into the Abyss.
A large abomination comes into view.
An ufetubus comes into view.
A harpy simulacrum comes into view.
You hit the large abomination.
Your weapon exudes an aura of protection.
The large abomination is lightly damaged.
You barely miss the harpy simulacrum.
The harpy simulacrum claws you but does no damage.
The harpy simulacrum claws you! The harpy simulacrum freezes you!
The large abomination closely misses you.
A large abomination comes into view.
The harpy simulacrum attacks as it pursues you!
The harpy simulacrum claws you! The harpy simulacrum freezes you!
* * * LOW HITPOINT WARNING * * *
The harpy simulacrum claws you!
* * * LOW HITPOINT WARNING * * *
The harpy simulacrum freezes you!
You die...

# # #. .# .X .# #. #.
##.. .#.. .. #.## #..###
.....# #.#...#.###.#
....#.. #...##@.#...#
#..... .
##>XZ###...###...###..
.#.....#... .#.. .. ...
..................... .
................ .... ...
................ ........
...#.....#.....#.....#...
..###...###...###... # ..
.. #.....#.....#.... #...


You could see 2 large abominations and a harpy simulacrum.

Vanquished Creatures
  Pikel (D:7)
  Grinder (D:3)
  A steam dragon (D:7)
  Eustachio (D:4)
  A water moccasin (D:4)
  Duvessa (D:5)
  An orc warrior (D:6)
  An ice beast (D:4)
  A black bear (D:7)
  A centaur (D:7)
  4 lemures (D:7)
  A phantom (D:5)
  A kobold brigand (D:6)
  3 scorpions
  A bullfrog (D:7)
  Dowan (D:5)
  2 wights (D:7)
  4 hounds
  A jelly (D:5)
  2 orc priests
  5 iguanas
  5 orc wizards
  9 adders
  7 gnolls (D:4)
  A shadow imp (D:7)
  3 white imps
  An ufetubus (D:5)
  4 worms
  2 dart slugs (D:2)
  22 orcs
  5 ball pythons
  8 bats
  4 endoplasms
  4 giant cockroaches
  6 hobgoblins
  10 jackals
  3 quokkas
  3 frilled lizards
  11 goblins
  6 kobolds
  5 rats
154 creatures vanquished.

Notes
Turn   | Place    | Note
-------+----------+-------------------------------------------
     0 | D:1      | Gargoyl the Gargoyle Berserker began the quest for the Orb.
     0 | D:1      | Reached XP level 1. HP: 14/14 MP: 1/1
   109 | D:1      | Reached XP level 2. HP: 15/19 MP: 2/2
   336 | D:1      | Reached skill level 3 in Axes
   971 | D:2      | Reached XP level 3. HP: 19/24 MP: 3/3
  1204 | D:2      | Reached ** piety under Trog
  1654 | D:2      | Reached XP level 4. HP: 29/29 MP: 4/4
  2187 | D:3      | Noticed Grinder
  2229 | D:3      | Killed Grinder
  2230 | D:3      | Reached skill level 4 in Axes
  2230 | D:3      | Reached XP level 5. HP: 25/34 MP: 5/5
  2230 | D:3      | Reached XP level 6. HP: 29/39 MP: 6/6
  2357 | D:3      | Found a faded altar of an unknown god.
  2773 | D:4      | Noticed an ice beast
  2775 | D:4      | Noticed a water moccasin
  2785 | D:4      | Reached skill level 5 in Axes
  2792 | D:4      | Killed a water moccasin
  2792 | D:4      | Killed an ice beast
  2793 | D:4      | Reached skill level 5 in Fighting
  2793 | D:4      | Reached skill level 1 in Stealth
  2793 | D:4      | Reached XP level 7. HP: 39/44 MP: 7/7
  3002 | D:4      | Noticed Eustachio
  3019 | D:4      | Killed Eustachio
  3020 | D:4      | Reached skill level 6 in Axes
  3048 | D:4      | Reached XP level 8. HP: 46/50 MP: 8/8
  3308 | D:5      | Entered Level 5 of the Dungeon
  3903 | D:5      | Reached skill level 7 in Axes
  4034 | D:5      | Noticed Duvessa
  4034 | D:5      | Noticed Dowan
  4048 | D:5      | Killed Duvessa
  4054 | D:5      | Killed Dowan
  4461 | D:6      | Reached *** piety under Trog
  4472 | D:6      | Reached XP level 9. HP: 56/56 MP: 9/9
  4588 | D:6      | Noticed Jeremiah
  4800 | D:7      | Found a staircase to the Ecumenical Temple.
  4887 | D:7      | Reached skill level 8 in Axes
  4991 | D:7      | Noticed Pikel
  5010 | D:7      | Killed Pikel
  5011 | D:7      | Reached skill level 5 in Armour
  5032 | Abyss:1  | Cast into level 1 of the Abyss (wight)
  5158 | Abyss:1  | Noticed a thrashing horror
  5257 | Abyss:1  | Noticed a red draconian
  5277 | Abyss:1  | Noticed a large abomination
  5282 | Abyss:1  | Slain by a harpy simulacrum

Illustrated notes

Levels and vault maps discovered:
D:1:      dpeg_arrival_tiny_a, layout_basic
D:2:      layout_loops_corners
D:3:      minmay_wonky_spiral, layout_basic, ebering_ecumenical_altar_abandoned,
          uniq_grinder
D:4:      layout_cave_pools, uniq_eustachio
D:5:      dreamdust_elfheim, layout_layer_cave, grunt_tough_drop
D:6:      layout_loops_ring, uniq_jeremiah
D:7:      layout_basic, minmay_temple_entry_slanted, uniq_pikel
Abyss:1:  base:
D:5

Skill      XL: |  1  2  3  4  5  6  7  8  9 |
---------------+----------------------------+-----
Axes           | 3 4 5 6 7 8 |  8.7
Dodging        | 2 3 4 |  4.8
Fighting       | 4 5 6 7 |  7.2
Stealth        | 1 |  1.9
Armour         | 3 5 |  5.2

Action                     |  1- 3 |  4- 6 |  7- 9 || total
---------------------------+-------+-------+-------++-------
  Melee: Hand axe          |   128 |   139 |   449 ||   716
         Punch             |     2 |     1 |     6 ||     9
 Invoke: Berserk           |     1 |     4 |     9 ||    14
         Trog's Hand       |       |     5 |    10 ||    15
    Use: Scroll            |     2 |     6 |     3 ||    11
         Potion            |       |     1 |       ||     1
   Stab: Sleeping          |     1 |       |       ||     1
 Armour: Animal skin       |   106 |    92 |    18 ||   216
         Ring mail         |       |       |   279 ||   279
  Dodge: Dodged            |   102 |   102 |   242 ||   446

Table legend: (Time is in decaauts)
 A = Elapsed time spent in this place.
 B = Non-inter-level travel time spent in this place.
 C = Inter-level travel time spent in this place.
 D = Time resting spent in this place.
 E = Time spent auto-exploring this place.
 F = Levels seen in this place.
 G = Mean time per level.
                   A        B        C        D        E       F      G
               +--------+--------+--------+--------+--------+-----+--------+
         Total |   5390 |   5268 |    122 |      0 |   3578 |   8 |  673.8 |
       Dungeon |   5141 |   5019 |    122 |      0 |   3387 |   7 |  734.4 |
         Abyss |    249 |    249 |      0 |      0 |    191 |   1 |  249.0 |
               +--------+--------+--------+--------+--------+-----+--------+

Top non-repeatable levels by time:
     D:2: 1162 daAuts
     D:5: 1138 daAuts
     D:1: 938 daAuts
     D:3: 684 daAuts
     D:4: 601 daAuts
     D:6: 324 daAuts
     D:7: 290 daAuts
 Abyss:1: 249 daAuts
